[Event "Titled Tuesday Blitz July 4 Early 2023"]
[White "Solovchuk, Oleksiy"]
[Black "Nguyen, Ngoc Truong Son"]
[WhiteFideId "14115220"]
[BlackFideId "12401110"]
[WhiteElo "2569"]
[BlackElo "2898"]
[Result "0-1"]
[Round "2"]
[TimeControl "180+2"]
[Date "2023.07.04"]
[WhiteClock "0:00:17"]
[BlackClock "0:00:05"]
[Board "34"]

1. d4 d6 2. e4 Nf6 3. f3 c5 4. dxc5 Qa5+ 5. Nd2 Qxc5 6. Nb3 Qc7 7. Ne2 Nc6 8. Nc3 e6 9. Bf4 a6 10. Qd2 Be7 11. O-O-O e5 12. Bg5 Be6 13. Bxf6 gxf6 14. Nd5 Bxd5 15. exd5 Na7 16. Bd3 O-O-O 17. Kb1 h5 18. h4 Kb8 19. Bf5 Nc8 20. g4 Bf8 21. Qb4 Ne7 22. Be4 Bh6 23. Rd3 Ka7 24. Na5 Rd7 25. Rb3 Rc8 26. a3 Qc5 27. Ka2 Qxb4 28. axb4 Rdc7 29. c3 Be3 30. Ra3 Rg8 31. Re1 Bb6 32. gxh5 f5 33. Bd3 Rh8 34. Nc4 Rh6 35. b5 Nxd5 36. bxa6 Nf4 37. Bf1 Bc5 38. b4 Bf2 39. Rd1 b6 40. Rxd6 Rxh5 41. Rf6 Rxh4 42. Nd6 Ka8 43. Nb5 Rd7 44. Rc6 Rh8 45. Nc7+ Ka7 46. Nb5+ Ka8 47. Rxb6 Bxb6 48. Bc4 Ne6 49. Bxe6 fxe6 50. Kb3 e4 51. c4 exf3 52. c5 f2 53. Ra1 Bxc5 54. bxc5 Rb8 55. Kc4 e5 56. Rf1 Rd2 57. c6 Rc2+ 58. Kd3 Rxc6 59. Rxf2 Rxb5 60. Rxf5 e4+ 61. Kxe4 Rxf5 0-1


[Site "https://www.chess.com"]

[Event "Titled Tuesday Blitz July 4 Early 2023"]
[White "HamedWafa4"]
[Black "Grandelius, Nils"]
[BlackFideId "1710400"]
[WhiteElo "2567"]
[BlackElo "2894"]
[Result "0-1"]
[Round "2"]
[TimeControl "180+2"]
[Date "2023.07.04"]
[WhiteClock "0:00:00"]
[BlackClock "0:00:35"]
[Board "35"]

1. e4 c6 2. d4 d5 3. e5 c5 4. Nf3 cxd4 5. Nxd4 Nc6 6. c4 e6 7. Nc3 Bc5 8. Nxc6 bxc6 9. Bd3 Ne7 10. O-O Ng6 11. Qh5 Qh4 12. Qxh4 Nxh4 13. Na4 Bd4 14. Re1 Ng6 15. Be3 Bxe5 16. Bc5 Bf6 17. Rac1 Bd7 18. g3 Be7 19. Bxe7 Kxe7 20. Nc5 Rhc8 21. f4 Kd6 22. b4 a5 23. Nb7+ Kc7 24. Nxa5 Rcb8 25. a3 Kd6 26. Bxg6 hxg6 27. c5+ Kc7 28. Kf2 f6 29. Kf3 Re8 30. Rc3 e5 31. Rce3 e4+ 32. Kf2 g5 33. fxg5 fxg5 34. Rd1 Rf8+ 35. Kg2 Bg4 36. Rd2 Rf6 37. h3 Bf3+ 38. Kh2 Rh8 39. Nb3 Rxh3+ 40. Kg1 Rh1+ 41. Kf2 Bg4+ 42. Kg2 Rfh6 0-1


[Site "https://www.chess.com"]

[Event "Titled Tuesday Blitz July 4 Early 2023"]
[White "Materia, Marco"]
[Black "Zherebukh, Yaroslav"]
[WhiteFideId "45150451"]
[BlackFideId "14116804"]
[WhiteElo "2567"]
[BlackElo "2885"]
[Result "1-0"]
[Round "2"]
[TimeControl "180+2"]
[Date "2023.07.04"]
[WhiteClock "0:01:22"]
[BlackClock "0:00:26"]
[Board "36"]

1. d4 Nf6 2. c4 c5 3. d5 e6 4. Nc3 exd5 5. cxd5 d6 6. e4 g6 7. h3 Bg7 8. Nf3 O-O 9. Be3 a6 10. a4 Re8 11. Nd2 Nbd7 12. Be2 Qc7 13. Qc2 Ne5 14. f4 Ned7 15. O-O Nxe4 16. Ncxe4 f5 17. Nxd6 Rxe3 18. N2c4 Bd4 19. Kh1 Re7 20. Bf3 Nf6 21. Nxc8 Qxc8 22. Nb6 Qd8 23. Nxa8 Qxa8 24. Rae1 Rd7 25. Qc4 Kg7 26. b4 b6 27. Re6 Nxd5 28. bxc5 Bxc5 29. Rd1 Qg8 30. Bxd5 Qxe6 31. Bxe6 Rxd1+ 32. Kh2 a5 33. Bg8 Rd7 34. Bd5 Re7 35. g4 Re3 36. Kg2 h5 37. gxf5 gxf5 38. Qb5 h4 39. Qd7+ Kf6 40. Qf7# 1-0


[Site "https://www.chess.com"]

[Event "Titled Tuesday Blitz July 4 Early 2023"]
[White "Demidov, Mikhail"]
[Black "Mamedov, Edgar"]
[WhiteFideId "4197143"]
[BlackFideId "13739980"]
[WhiteElo "2884"]
[BlackElo "2566"]
[Result "1-0"]
[Round "2"]
[TimeControl "180+2"]
[Date "2023.07.04"]
[WhiteClock "0:00:52"]
[BlackClock "0:00:00"]
[Board "37"]

1. Nf3 d5 2. g3 c6 3. Bg2 Bg4 4. Ne5 Bf5 5. O-O Nd7 6. d4 Ngf6 7. c4 e6 8. Nc3 Be7 9. Qb3 Qb6 10. Nxd7 Nxd7 11. e4 dxe4 12. Nxe4 O-O 13. Bf4 Qa6 14. Qc3 Rfd8 15. Rfd1 Nf6 16. Nc5 Bxc5 17. dxc5 Ne4 18. Qb4 b6 19. cxb6 Qxb6 20. Qe1 Qxb2 21. Bxe4 Bxe4 22. Qxe4 Rxd1+ 23. Rxd1 Qxa2 24. Qxc6 Rf8 25. Bd6 Qc2 26. Ra1 Rd8 27. c5 Qc3 28. Rxa7 g5 29. Ra8 Rxa8 30. Qxa8+ Kg7 31. Qe4 Qa1+ 32. Kg2 Qa7 33. c6 Qa8 34. Qf3 f6 35. c7 Qc8 36. Qc6 g4 37. h4 Kf7 38. Kh2 h5 39. Bc5 e5 40. Qd6 Kg6 41. Qd8 Qf5 42. c8=Q 1-0


[Site "https://www.chess.com"]

[Event "Titled Tuesday Blitz July 4 Early 2023"]
[White "Galchenko, Matvey"]
[Black "Ambartsumova, Karina"]
[WhiteFideId "24175480"]
[BlackFideId "4166299"]
[WhiteElo "2876"]
[BlackElo "2564"]
[Result "1/2-1/2"]
[Round "2"]
[TimeControl "180+2"]
[Date "2023.07.04"]
[WhiteClock "0:00:07"]
[BlackClock "0:00:04"]
[Board "38"]

1. f4 d5 2. Nf3 Nf6 3. g3 g6 4. Bg2 Bg7 5. O-O O-O 6. d3 b6 7. Ne5 Bb7 8. a4 a5 9. Nc3 Na6 10. e4 dxe4 11. dxe4 Qxd1 12. Rxd1 Nc5 13. Re1 Rfd8 14. h3 Nh5 15. g4 Bxe5 16. fxe5 Ng7 17. Bg5 Rd7 18. Nd5 Re8 19. Rad1 Nge6 20. Be3 Kg7 21. b3 Red8 22. Rd2 c6 23. Red1 cxd5 24. exd5 Nf8 25. c4 h6 26. Rb2 Nh7 27. Bd4 e6 28. d6 Bxg2 29. Kxg2 Rb7 30. Rbb1 Nf8 31. b4 axb4 32. Rxb4 Rdb8 33. Ra1 Ncd7 34. Rb5 g5 35. Kf3 Ng6 36. Ke4 Rc8 37. a5 Rxc4 38. Kd3 Rc6 39. axb6 Nxb6 40. Rab1 Nf4+ 41. Ke4 Nfd5 42. R1b3 Kf8 43. Bc5 Ke8 44. Bd4 Kd7 45. Rf3 Ke8 46. Rfb3 Kd7 47. Rf3 Ke8 48. Rfb3 1/2-1/2


[Site "https://www.chess.com"]

[Event "Titled Tuesday Blitz July 4 Early 2023"]
[White "Kantor, Gergely"]
[Black "Asavasaetakul, Chawit"]
[WhiteFideId "751499"]
[BlackFideId "6204856"]
[WhiteElo "2873"]
[BlackElo "2564"]
[Result "0-1"]
[Round "2"]
[TimeControl "180+2"]
[Date "2023.07.04"]
[WhiteClock "0:00:00"]
[BlackClock "0:00:44"]
[Board "39"]

1. e4 d5 2. exd5 Nf6 3. d4 Bg4 4. Nf3 Qxd5 5. Be2 Nc6 6. c4 Qf5 7. h3 Bxf3 8. Bxf3 Qe6+ 9. Be2 O-O-O 10. d5 Qf5 11. O-O Ne5 12. Qa4 a6 13. Nc3 e6 14. Be3 exd5 15. cxd5 Bd6 16. Rac1 h5 17. Nb5 axb5 18. Bxb5 Ned7 19. Qa8+ Nb8 20. Ba7 Nd7 21. Bc6 bxc6 22. dxc6 Qb5 23. Bxb8 Nxb8 24. a4 Qa6 0-1


[Site "https://www.chess.com"]

[Event "Titled Tuesday Blitz July 4 Early 2023"]
[White "Siniauski, Artsiom"]
[Black "Kovalenko, Igor"]
[WhiteFideId "13512269"]
[BlackFideId "14117908"]
[WhiteElo "2563"]
[BlackElo "2873"]
[Result "0-1"]
[Round "2"]
[TimeControl "180+2"]
[Date "2023.07.04"]
[WhiteClock "0:00:00"]
[BlackClock "0:01:07"]
[Board "40"]

1. e4 c5 2. Nf3 d6 3. c3 Nf6 4. Be2 Nbd7 5. Qc2 Qc7 6. O-O g6 7. d4 cxd4 8. Nxd4 Bg7 9. Be3 O-O 10. Nd2 a6 11. a4 b6 12. f3 Bb7 13. Rfd1 Rfd8 14. Rac1 e5 15. N4b3 d5 16. exd5 Nxd5 17. Bf2 Bh6 18. Re1 Ne3 19. Qb1 Nf6 20. Bd3 Nfg4 21. Be4 Nxf2 22. Kxf2 Ng4+ 23. fxg4 Bxd2 24. Nxd2 Rxd2+ 25. Kg1 Rad8 26. b3 Bc8 27. h3 Qc5+ 28. Kh1 Qf2 29. Rcd1 f5 30. gxf5 gxf5 31. Bc6 e4 32. Rg1 Be6 33. c4 R8d3 34. Rxd2 Rxd2 35. Qa1 Qd4 36. Qxd4 Rxd4 37. Re1 a5 38. g4 Kg7 39. gxf5 Bxf5 40. Kg2 Kf6 41. Kg3 Ke5 42. h4 Rd3+ 43. Kf2 Rxb3 44. Rg1 Kf4 45. Rg7 e3+ 46. Ke1 Rb1+ 47. Ke2 Rb2+ 48. Kd1 Bd3 49. Rf7+ Ke5 50. Re7+ Kd4 0-1


[Site "https://www.chess.com"]

[Event "Titled Tuesday Blitz July 4 Early 2023"]
[White "Gontcharov, Vladislav"]
[Black "Bacrot, Etienne"]
[WhiteFideId "4123492"]
[BlackFideId "605506"]
[WhiteElo "2563"]
[BlackElo "2872"]
[Result "1-0"]
[Round "2"]
[TimeControl "180+2"]
[Date "2023.07.04"]
[WhiteClock "0:00:12"]
[BlackClock "0:00:00"]
[Board "41"]

1. d4 Nf6 2. c4 e6 3. Nc3 Bb4 4. e3 O-O 5. Bd3 d5 6. Nf3 c5 7. O-O Nc6 8. cxd5 exd5 9. dxc5 Bg4 10. Be2 Bxc5 11. h3 Bh5 12. b3 Re8 13. Bb2 Rc8 14. Nb5 Ne4 15. Nbd4 Bg6 16. Rc1 Bb6 17. a3 Qd6 18. b4 Nxd4 19. Bxd4 Bc7 20. Bb5 Ng5 21. Rxc7 Nxf3+ 22. Qxf3 Qxc7 23. Bxe8 Rxe8 24. Qxd5 b6 25. Qb5 Rc8 26. Qe5 Qxe5 27. Bxe5 f6 28. Bd4 Kf7 29. a4 Rc4 30. a5 Rxb4 31. axb6 axb6 32. Ra1 Bd3 33. Ra7+ Kg6 34. Kh2 b5 35. Kg3 Rb1 36. Rb7 b4 37. h4 b3 38. Kf4 h5 39. f3 Bc2 40. g4 hxg4 41. fxg4 Rf1+ 42. Kg3 Rg1+ 43. Kh3 Rf1 44. g5 Rf3+ 45. Kh2 Rf1 46. gxf6 gxf6 47. Rb6 Rf5 48. Kg3 Bd1 49. Kh3 Rf2 50. Kg3 Rf3+ 51. Kg2 Rf5 52. Kg3 Kf7 53. Kg2 Bc2 54. Kg3 Rf1 55. Kg2 Rf5 56. Kg3 Ke7 57. Kg2 Be4+ 58. Kg3 Rf3+ 59. Kh2 Bc2 60. h5 f5 61. h6 Rf1 62. h7 f4 63. h8=Q Rf2+ 64. Kh3 1-0


[Site "https://www.chess.com"]

[Event "Titled Tuesday Blitz July 4 Early 2023"]
[White "Aggelis, Nikolaos"]
[Black "Henriquez Villagra, Cristobal"]
[WhiteFideId "4213220"]
[BlackFideId "3409350"]
[WhiteElo "2562"]
[BlackElo "2866"]
[Result "0-1"]
[Round "2"]
[TimeControl "180+2"]
[Date "2023.07.04"]
[WhiteClock "0:00:50"]
[BlackClock "0:01:26"]
[Board "42"]

1. c4 d6 2. g3 e5 3. Bg2 Nd7 4. b3 f5 5. Bb2 Ngf6 6. d4 Be7 7. dxe5 dxe5 8. Nc3 c6 9. Nh3 O-O 10. O-O Nc5 11. Qxd8 Rxd8 12. Rfd1 Re8 13. Ng5 e4 14. h4 h6 15. Nh3 Be6 16. Nf4 Bf7 17. f3 exf3 18. exf3 a5 19. Rd2 a4 20. b4 a3 21. Bc1 Na4 22. Nxa4 Rxa4 23. Re2 Bxc4 24. Re3 Bxb4 25. Rxe8+ Nxe8 26. Be3 Nf6 27. Bf1 Bxf1 28. Kxf1 Bd6 29. Rd1 Bxf4 30. Bxf4 Nd5 31. Bd6 Ne3+ 0-1


[Site "https://www.chess.com"]

[Event "Titled Tuesday Blitz July 4 Early 2023"]
[White "Gholami Orimi, Mahdi"]
[Black "Perez Candelario, Manuel"]
[WhiteFideId "12558486"]
[BlackFideId "2210622"]
[WhiteElo "2858"]
[BlackElo "2562"]
[Result "1/2-1/2"]
[Round "2"]
[TimeControl "180+2"]
[Date "2023.07.04"]
[WhiteClock "0:00:25"]
[BlackClock "0:00:11"]
[Board "43"]

1. d4 d5 2. c4 e6 3. g3 Nf6 4. Nf3 Be7 5. Bg2 O-O 6. O-O b6 7. cxd5 exd5 8. Nc3 Bb7 9. Bf4 Nbd7 10. Qb3 c5 11. dxc5 Nxc5 12. Qd1 Rc8 13. Nd4 Nce4 14. Nxe4 dxe4 15. Bh3 Rc5 16. Nf5 Rd5 17. Nxe7+ Qxe7 18. Qb3 Ba6 19. Rfe1 h6 20. Rac1 Rc5 21. Rcd1 Rd8 22. Rxd8+ Qxd8 23. Be3 Rd5 24. f3 exf3 25. exf3 Bb7 26. Bg2 Rd3 27. Qc2 Qd5 28. a3 a5 29. Bxb6 Rxf3 30. Qc5 Rf1+ 31. Bxf1 Qh1+ 32. Kf2 Qf3+ 33. Kg1 Qh1+ 34. Kf2 Qf3+ 35. Kg1 Qh1+ 1/2-1/2


[Site "https://www.chess.com"]

[Event "Titled Tuesday Blitz July 4 Early 2023"]
[White "Mortazavi, Ali"]
[Black "Pap, Gyula"]
[WhiteFideId "401323"]
[BlackFideId "725323"]
[WhiteElo "2560"]
[BlackElo "2854"]
[Result "0-1"]
[Round "2"]
[TimeControl "180+2"]
[Date "2023.07.04"]
[WhiteClock "0:00:48"]
[BlackClock "0:01:45"]
[Board "44"]

1. Nf3 d5 2. g3 Nd7 3. Bg2 e5 4. d3 Ngf6 5. O-O Bd6 6. c4 dxc4 7. dxc4 O-O 8. Nc3 Qe7 9. Nh4 Nb6 10. b3 h6 11. Qc2 c6 12. Nf5 Bxf5 13. Qxf5 Rfe8 14. Rd1 Rad8 15. Ne4 Nxe4 16. Bxe4 g6 17. Qh3 h5 18. Bb2 Ba3 19. Bxa3 Qxa3 20. g4 hxg4 21. Qxg4 Kg7 22. h4 Rxd1+ 23. Rxd1 Rh8 24. Rd2 Qc1+ 25. Kg2 Qxd2 0-1


[Site "https://www.chess.com"]

[Event "Titled Tuesday Blitz July 4 Early 2023"]
[White "Harsha Bharathakoti"]
[Black "Golubev, Mikhail"]
[WhiteFideId "5078776"]
[BlackFideId "14100983"]
[WhiteElo "2853"]
[BlackElo "2559"]
[Result "1-0"]
[Round "2"]
[TimeControl "180+2"]
[Date "2023.07.04"]
[WhiteClock "0:00:29"]
[BlackClock "0:00:00"]
[Board "45"]

1. d4 Nf6 2. Bf4 d6 3. e3 Nbd7 4. Nf3 g6 5. h3 Bg7 6. Be2 O-O 7. O-O b6 8. a4 a5 9. Nbd2 Bb7 10. c3 Re8 11. Bh2 Ne4 12. Bc4 Nxd2 13. Nxd2 d5 14. Bd3 e5 15. Re1 Ba6 16. Bxa6 Rxa6 17. Qb3 c6 18. Rad1 exd4 19. cxd4 Ra8 20. Rc1 Rc8 21. Nf3 Qe7 22. Re2 h6 23. Rec2 Qe6 24. Qd3 c5 25. b3 Rc6 26. dxc5 bxc5 27. Rd1 Nb6 28. Qb5 c4 29. Nd4 Bxd4 30. Rxd4 Rec8 31. Bf4 g5 32. Bg3 cxb3 33. Rxc6 Qxc6 34. Qxb3 Nc4 35. h4 Kg7 36. Qd1 Nb2 37. Qg4 Qe6 38. hxg5 Qxg4 39. gxh6+ Kxh6 40. Rxg4 Rc4 41. Bf4+ Kh7 42. Rg5 Nxa4 43. Rxd5 Nc5 44. Bd6 Nb3 45. f3 a4 46. e4 Rc1+ 47. Kh2 Ra1 48. Rb5 Ra2 49. Kh3 Kg6 50. Rb6 1-0


[Site "https://www.chess.com"]

[Event "Titled Tuesday Blitz July 4 Early 2023"]
[White "Thecourseoisildur"]
[Black "Samadov, Read"]
[BlackFideId "13417444"]
[WhiteElo "2557"]
[BlackElo "2852"]
[Result "0-1"]
[Round "2"]
[TimeControl "180+2"]
[Date "2023.07.04"]
[WhiteClock "0:00:09"]
[BlackClock "0:00:53"]
[Board "46"]

1. e4 c5 2. Nf3 d6 3. d4 cxd4 4. Nxd4 Nf6 5. Nc3 a6 6. Be2 e5 7. Nb3 Be7 8. O-O O-O 9. Qd3 Be6 10. Bd2 Nbd7 11. Nd5 Bxd5 12. exd5 Rc8 13. Rac1 Re8 14. c4 b6 15. a4 a5 16. Na1 Nc5 17. Qc2 Qd7 18. b3 Nfe4 19. Be3 f5 20. Bd3 Nxd3 21. Qxd3 Nc5 22. Bxc5 bxc5 23. Nc2 e4 24. Qg3 Bf6 25. Rfd1 Be5 26. f4 Bf6 27. Ne3 Rb8 28. Rb1 Rb6 29. Qh3 Bd4 30. Kh1 g6 31. Nc2 Bf6 32. Qe3 Reb8 33. h3 Qb7 34. Na1 Bxa1 35. Rxa1 Rxb3 36. Qe1 Qb4 37. Qh4 Qb7 38. Qf6 Qd7 39. Re1 Rf8 40. Qh4 Rb2 41. Rab1 Rfb8 42. Rxb2 Rxb2 43. Qf6 Rb4 44. g4 Rxc4 45. gxf5 Qxf5 46. Qd8+ Kg7 47. Qe7+ Kh6 48. Qh4+ Qh5 49. Qf6 Qxh3+ 50. Kg1 Qg3+ 51. Kf1 Rc2 52. Qf8+ Kh5 53. Re2 Rc1+ 0-1


[Site "https://www.chess.com"]

[Event "Titled Tuesday Blitz July 4 Early 2023"]
[White "Estrada Nieto, Julian"]
[Black "Kosakowski, Jakub"]
[WhiteFideId "5101018"]
[BlackFideId "1185080"]
[WhiteElo "2557"]
[BlackElo "2839"]
[Result "0-1"]
[Round "2"]
[TimeControl "180+2"]
[Date "2023.07.04"]
[WhiteClock "0:00:00"]
[BlackClock "0:00:24"]
[Board "47"]

1. e4 c5 2. Nf3 e6 3. Be2 Nc6 4. Nc3 Nf6 5. O-O a6 6. d4 cxd4 7. Nxd4 Qc7 8. Be3 Bb4 9. f3 O-O 10. Qe1 b5 11. a4 bxa4 12. Rxa4 a5 13. Qf2 Ba6 14. Bxa6 Rxa6 15. Rfa1 Rb8 16. Nce2 Ne5 17. b3 d5 18. Ng3 dxe4 19. Nxe4 Nxe4 20. fxe4 Rc8 21. h3 Be7 22. c4 Nd3 23. Qd2 Nc5 24. Nb5 Qe5 25. Bxc5 Bxc5+ 26. Kh1 Bb6 27. Qc2 Rd8 28. Rd1 Raa8 29. Raa1 h5 30. Qe2 g6 31. Qf3 Kg7 32. Rxd8 Rxd8 33. Rf1 Rd7 0-1


[Site "https://www.chess.com"]

[Event "Titled Tuesday Blitz July 4 Early 2023"]
[White "The_Sherman_Variation"]
[Black "Harshavardhan G B"]
[BlackFideId "25059009"]
[WhiteElo "2553"]
[BlackElo "2838"]
[Result "1-0"]
[Round "2"]
[TimeControl "180+2"]
[Date "2023.07.04"]
[WhiteClock "0:00:20"]
[BlackClock "0:00:24"]
[Board "48"]

1. Nf3 Nf6 2. b4 d5 3. Bb2 g6 4. e3 Bg7 5. Be2 O-O 6. O-O Nbd7 7. a3 c6 8. d4 Ne4 9. Nbd2 f5 10. c4 e6 11. Rc1 Qe7 12. Ne1 g5 13. f3 Nxd2 14. Qxd2 Rf6 15. Nd3 Rh6 16. Nf2 Nf6 17. Bd3 Qf7 18. e4 f4 19. e5 Ne8 20. Ng4 Rh5 21. b5 Bd7 22. a4 dxc4 23. Bxc4 Nc7 24. Ba3 Rh4 25. Bd6 Ne8 26. Bc5 Nc7 27. Rb1 Nd5 28. Bxd5 cxd5 29. a5 h5 30. Nf2 g4 31. Nd3 Bh6 32. Qf2 Bg5 33. fxg4 Rxg4 34. h3 Rg3 35. Nxf4 h4 36. a6 b6 37. Bd6 Rc8 38. Rb2 Qh7 39. Kh2 Rgc3 40. Ne2 Rc2 41. Rxc2 Rxc2 42. Qf8# 1-0


[Site "https://www.chess.com"]

[Event "Titled Tuesday Blitz July 4 Early 2023"]
[White "Ladron De Guevara Pinto, Paolo"]
[Black "Beerdsen, Thomas"]
[WhiteFideId "2290847"]
[BlackFideId "1030108"]
[WhiteElo "2550"]
[BlackElo "2830"]
[Result "0-1"]
[Round "2"]
[TimeControl "180+2"]
[Date "2023.07.04"]
[WhiteClock "0:01:22"]
[BlackClock "0:02:05"]
[Board "49"]

1. e4 e5 2. Nf3 Nc6 3. Bc4 Nf6 4. d3 h6 5. O-O d6 6. c3 g5 7. b4 g4 8. Ne1 Bg7 9. f4 exf4 10. Bxf4 d5 11. exd5 Nxd5 12. Bxd5 Qxd5 13. d4 Be6 14. Nd3 O-O-O 15. Nc5 Nxd4 16. Nxe6 Qxe6 17. cxd4 Bxd4+ 18. Kh1 Bxa1 19. Qc2 Be5 0-1


[Site "https://www.chess.com"]

[Event "Titled Tuesday Blitz July 4 Early 2023"]
[White "demon64fields"]
[Black "Degenbaev, Aziz"]
[BlackFideId "13802640"]
[WhiteElo "2827"]
[BlackElo "2548"]
[Result "1-0"]
[Round "2"]
[TimeControl "180+2"]
[Date "2023.07.04"]
[WhiteClock "0:01:46"]
[BlackClock "0:00:14"]
[Board "50"]

1. Nf3 d5 2. g3 Nf6 3. Bg2 c6 4. O-O Bg4 5. Ne5 Bf5 6. d4 e6 7. c4 Nbd7 8. Nc3 Bd6 9. Bf4 Qc7 10. cxd5 exd5 11. Rc1 Qb8 12. Qb3 O-O 13. Nxd7 Nxd7 14. Bxd6 Qxd6 15. Qxb7 Rfb8 16. Qa6 Rxb2 17. Nxd5 Nb6 18. Rxc6 Qd8 19. Rxb6 axb6 20. Ne7+ Kf8 21. Qxa8 Qxa8 22. Bxa8 Kxe7 23. e4 Rxa2 24. Bd5 Ra5 25. Rc1 Bh3 26. f3 Ra4 27. Rc7+ Bd7 28. Bxf7 Rxd4 29. Bd5 Kd6 30. Rb7 b5 31. h4 b4 32. Kf2 Rd2+ 33. Ke3 Rb2 34. g4 h6 35. g5 hxg5 36. hxg5 Rb1 37. f4 Rb2 38. e5+ Kxd5 39. Rxd7+ Ke6 40. Rxg7 b3 41. Rg6+ Kd5 42. Rb6 Rb1 43. g6 Rg1 44. Kf3 Rf1+ 45. Kg4 Ke4 46. Rb4+ Kd5 47. Rxb3 1-0


[Site "https://www.chess.com"]

[Event "Titled Tuesday Blitz July 4 Early 2023"]
[White "Hajiyev, Kanan"]
[Black "Rahman, Masruri"]
[WhiteFideId "13404148"]
[BlackFideId "7101163"]
[WhiteElo "2547"]
[BlackElo "2822"]
[Result "0-1"]
[Round "2"]
[TimeControl "180+2"]
[Date "2023.07.04"]
[WhiteClock "0:01:04"]
[BlackClock "0:00:54"]
[Board "51"]

1. d4 e6 2. c4 Nf6 3. Nc3 Bb4 4. Qc2 Nc6 5. Nf3 d6 6. Bg5 h6 7. Bd2 O-O 8. e4 e5 9. d5 Nd4 10. Nxd4 exd4 11. Nb1 Bxd2+ 12. Nxd2 c5 13. Bd3 Nh5 14. O-O-O Nf4 15. g3 Nxd3+ 16. Qxd3 f5 17. Rde1 fxe4 18. Nxe4 Bf5 19. f4 Re8 20. Qf3 Qe7 21. Nf2 Qxe1+ 22. Rxe1 Rxe1+ 23. Kd2 Rae8 24. g4 R8e3 25. Qg2 R3e2# 0-1


[Site "https://www.chess.com"]

[Event "Titled Tuesday Blitz July 4 Early 2023"]
[White "Maximov, Dmitry"]
[Black "Tologon tegin, Semetei"]
[WhiteFideId "14105659"]
[BlackFideId "13800574"]
[WhiteElo "2818"]
[BlackElo "2547"]
[Result "0-1"]
[Round "2"]
[TimeControl "180+2"]
[Date "2023.07.04"]
[WhiteClock "0:00:21"]
[BlackClock "0:00:52"]
[Board "52"]

1. e4 g6 2. d4 Bg7 3. Nc3 c6 4. Nf3 d5 5. h3 dxe4 6. Nxe4 Nd7 7. c3 Ngf6 8. Ng3 O-O 9. Be2 Qc7 10. O-O b6 11. Re1 Bb7 12. Bf1 e6 13. Bg5 c5 14. dxc5 Nxc5 15. Qe2 Nfe4 16. Nxe4 Nxe4 17. Be3 Rfd8 18. Rad1 h6 19. Nd4 a6 20. Nb3 b5 21. Bd4 e5 22. Be3 f5 23. Bc1 Bd5 24. Qc2 Rac8 25. Nd2 Nxf2 26. Kxf2 Qb6+ 27. Kg3 e4 28. Kh2 Qf2 29. Kh1 Be5 30. Be2 e3 31. Bf3 Bxf3 32. Qb3+ Bd5 33. Ne4 Bxb3 34. Rxd8+ Rxd8 35. Nxf2 exf2 36. Rf1 Rd1 0-1


[Site "https://www.chess.com"]

[Event "Titled Tuesday Blitz July 4 Early 2023"]
[White "Ozates, Tuna"]
[Black "Kushko, Dmitriy"]
[WhiteFideId "6354521"]
[BlackFideId "14162261"]
[WhiteElo "2546"]
[BlackElo "2817"]
[Result "1-0"]
[Round "2"]
[TimeControl "180+2"]
[Date "2023.07.04"]
[WhiteClock "0:00:51"]
[BlackClock "0:00:00"]
[Board "53"]

1. e4 g6 2. d4 Bg7 3. Nc3 d6 4. Be3 a6 5. Qd2 b5 6. f3 Bb7 7. h4 h6 8. g4 Nd7 9. Nh3 e6 10. Nf4 Ne7 11. Bh3 c5 12. Nce2 cxd4 13. Nxd4 Bxd4 14. Bxd4 e5 15. Bc3 b4 16. Bxb4 exf4 17. Bxd6 Nc6 18. O-O-O Qa5 19. Qxa5 Nxa5 20. Bxf4 Nc6 21. g5 Nde5 22. Bxe5 Nxe5 23. f4 Nc4 24. Rd7 Bc8 25. Rc7 Bxh3 26. Rxh3 Nd6 27. a4 hxg5 28. fxg5 O-O 29. e5 Nf5 30. h5 gxh5 31. Rxh5 Rae8 32. Rc6 Re6 33. Rxe6 fxe6 34. Rh3 Rc8 35. Rb3 Rc6 36. Rb7 Kf8 37. b4 Ne7 38. b5 axb5 39. axb5 Rc5 40. b6 Rxe5 41. Rb8+ Kf7 42. b7 Rb5 43. c4 Rb4 44. Kd2 Nc6 45. Rc8 Rxb7 46. Rxc6 Kg6 47. Rxe6+ Kxg5 48. Kc3 Kf5 49. Re1 Kf6 50. Kd4 Rh7 51. Kd5 Rh5+ 52. Kd6 Rh2 53. c5 Rd2+ 54. Kc7 Rd3 55. c6 Rd4 56. Kc8 Rd5 57. c7 Kf7 58. Rb1 1-0


[Site "https://www.chess.com"]

[Event "Titled Tuesday Blitz July 4 Early 2023"]
[White "Stribuk, Artiom"]
[Black "Suarez Uriel, Adrian"]
[WhiteFideId "13515659"]
[BlackFideId "22230874"]
[WhiteElo "2817"]
[BlackElo "2544"]
[Result "1-0"]
[Round "2"]
[TimeControl "180+2"]
[Date "2023.07.04"]
[WhiteClock "0:00:17"]
[BlackClock "0:01:28"]
[Board "54"]

1. d4 Nf6 2. c4 b6 3. f3 Ba6 4. e4 e6 5. Nc3 Be7 6. Bd3 O-O 7. e5 Ne8 8. f4 f5 9. Nf3 d5 10. cxd5 Bxd3 11. Qxd3 exd5 12. Be3 c6 13. O-O-O Nc7 14. h3 Qd7 15. g4 a5 16. Ne2 Nba6 17. a3 c5 18. Ng3 c4 19. Qc2 g6 20. gxf5 gxf5 21. Rhg1 Kh8 22. Nh5 c3 23. Qxc3 Nb5 24. Qd3 Rac8+ 25. Kd2 Bxa3 26. Nf6 Bb4+ 27. Ke2 Qe6 28. Ng5 Qc6 29. Rc1 Nxd4+ 30. Bxd4 Qxc1 31. Rxc1 Rxc1 32. Qxf5 1-0


[Site "https://www.chess.com"]

[Event "Titled Tuesday Blitz July 4 Early 2023"]
[White "Ljukin, Sergei"]
[Black "Goltsev, Dmitry"]
[WhiteFideId "14102200"]
[BlackFideId "24176710"]
[WhiteElo "2543"]
[BlackElo "2806"]
[Result "0-1"]
[Round "2"]
[TimeControl "180+2"]
[Date "2023.07.04"]
[WhiteClock "0:00:08"]
[BlackClock "0:02:03"]
[Board "55"]

1. e4 e6 2. d4 d5 3. Nc3 c5 4. exd5 exd5 5. Nf3 Nf6 6. Be3 cxd4 7. Nxd4 a6 8. Bd3 Bd6 9. O-O O-O 10. Nf5 Bxf5 11. Bxf5 Nc6 12. Bg5 h6 13. Bxf6 Qxf6 14. Bd3 Rad8 15. Qh5 Be5 16. Rad1 Bxc3 17. bxc3 Qxc3 18. Rfe1 Rfe8 19. Rxe8+ Rxe8 20. Qxd5 g6 21. g3 Qe5 22. Bc4 Qxd5 23. Bxd5 Rd8 24. c4 Kf8 25. Rb1 Na5 26. Kg2 b5 27. Rb4 Kg7 28. Kf3 bxc4 29. Bxc4 Rd4 30. a3 Rxc4 0-1


[Site "https://www.chess.com"]

[Event "Titled Tuesday Blitz July 4 Early 2023"]
[White "Perez Ponsa, Federico"]
[Black "Turzo, Attila"]
[WhiteFideId "117927"]
[BlackFideId "704954"]
[WhiteElo "2805"]
[BlackElo "2542"]
[Result "1-0"]
[Round "2"]
[TimeControl "180+2"]
[Date "2023.07.04"]
[WhiteClock "0:00:09"]
[BlackClock "0:00:00"]
[Board "56"]

1. e4 d6 2. d4 Nf6 3. Nc3 g6 4. Be3 Bg7 5. Qd2 c6 6. Bh6 Bxh6 7. Qxh6 b5 8. f3 Nbd7 9. h4 Qa5 10. Ne2 b4 11. Nd1 b3+ 12. c3 Ba6 13. Nc1 Bxf1 14. Nxb3 Qb5 15. Rxf1 a5 16. Nd2 a4 17. g4 c5 18. h5 cxd4 19. cxd4 g5 20. e5 Nxe5 21. dxe5 Qxe5+ 22. Ne4 d5 23. Qxg5 Qe6 24. Nc3 dxe4 25. O-O-O Rb8 26. Rfe1 a3 27. Nxe4 Qc4+ 28. Nc3 axb2+ 29. Kc2 Rc8 30. Qxf6 Qa4+ 31. Kxb2 Qb4+ 32. Kc2 O-O 33. Qg5+ Kh8 34. Qe5+ Kg8 35. h6 f6 36. Qd4 Qb7 37. Qd5+ Qxd5 38. Rxd5 Rf7 39. Red1 1-0


[Site "https://www.chess.com"]